 Dungeon Crawl Stone Soup version 0.26-a0-757-g626ac9e51a (webtiles) character file.

Game seed: 868545037334563738

1585 mattiecakes the Covered (level 8, -5/97 HPs)
             Began as a Barachi Fighter on Nov 7, 2020.
             Was an Initiate of Okawaru.
             Slain by an orc warrior
             ... wielding a +0 glaive
              (7 damage)
             ... on level 7 of the Dungeon.
             The game lasted 00:14:35 (5663 turns).

mattiecakes the Covered (Barachi Fighter)           Turns: 5663, Time: 00:14:36

Health: -5/97      AC: 24    Str: 18 (21) XL:     8   Next: 92%
Magic:  8/8        EV:  2    Int:  7 (8)  God:    Okawaru [......]
Gold:   293        SH: 15    Dex: 10 (11) Spells: 7/7 levels left

rFire    . . .     SeeInvis .   a - +0 long sword
rCold    . . .     Faith    .   c - +0 kite shield
rNeg     + + +     Spirit   .   (armour currently unavailable)
rPois    +         Reflect  +   (helmet currently unavailable)
rElec    .         Harm     .   (cloak currently unavailable)
rCorr    .         Rampage  .   (gloves currently unavailable)
MR       .....     NoTele   +   (boots currently unavailable)
Stlth    +.........             r - amulet of reflection
HPRegen  0.26/turn              l - ring of poison resistance
MPRegen  0.11/turn              o - +4 ring of slaying

@: brilliant, tree-form
A: +LOS, swims
a: Renounce Religion


You were on level 7 of the Dungeon.
You worshipped Okawaru.
Okawaru was noncommittal.
You were a tree.
You visited 2 branches of the dungeon, and saw 8 of its levels.

You collected 293 gold pieces.

Inventory:

Hand Weapons
 a - a +0 long sword (weapon)
Armour
 c - a +0 kite shield (worn)
 e - a +0 pair of gloves (melded)
 u - a +0 plate armour (melded)
Jewellery
 l - a ring of poison resistance (left branch)
 n - an uncursed ring of protection from magic
 o - a +4 ring of slaying (right branch)
 r - an amulet of reflection (around neck)
Wands
 s - a wand of disintegration (25)
 x - a wand of enslavement (17)
 B - a wand of digging (4)
Scrolls
 i - 2 scrolls of remove curse
 j - 2 scrolls of fog
 k - 2 scrolls of enchant armour {unknown}
 m - a scroll of magic mapping
 p - 2 scrolls of noise
 v - 2 scrolls of amnesia
 C - a scroll of summoning {unknown}
Potions
 b - 2 potions of attraction
 h - a potion of lignification
 q - 3 potions of mutation


   Skills:
 + Level 6.8 Fighting
 + Level 6.3 Long Blades
 + Level 6.8 Armour
 + Level 5.1 Dodging
 + Level 6.2 Shields


You had 7 spell levels left.
You didn't know any spells.
Your spell library contained the following spells:

 Spells                   Type           Power        Failure   Level
 Animate Skeleton         Necr           #.....       82%         1
 Apportation              Tloc           #.....       82%         1
 Corona                   Hex            #......      82%         1
 Freeze                   Ice            #...         82%         1
 Summon Small Mammal      Summ           #...         82%         1
 Frozen Ramparts          Ice            #.....       99%         3
 Ozocubu's Armour         Ice            #.......     99%         3
 Hailstorm                Conj/Ice       #.......     100%        4
 Summon Ice Beast         Ice/Summ       #.......     100%        4


Dungeon Overview and Level Annotations

Branches:
Dungeon (7/15)             Temple (1/1) D:5

Altars:
Ashenzari
Cheibriados
Elyvilon
Fedhas
Gozag
Hepliaklqana
Kikubaaqudgha
Makhleb
Nemelex Xobeh
Okawaru
Qazlal
Ru
Uskayaw
Xom
Yredelemnul
Zin


Innate Abilities, Weirdness & Mutations

You can be seen from farther away. (+LOS)
You can swim through water.
((You cover ground slowly.))
((You can hop short distances.))


Message History

Unknown command.
You closely miss something.
You are ready to hop once more.
Something hits you but does no damage.
The orc warrior hits you from afar with a +0 glaive!
* * * LOW HITPOINT WARNING * * *
Unknown command.
It was a potion of degeneration.
There was something very wrong with that liquid.
You feel weakened.
You feel dopey.
You feel clumsy. Something completely misses you.
The orc warrior hits you but does no damage.
It was a potion of flight.
Your roots keep you in place.
Something hits you but does no damage.
Okay, then.
Unknown command.
As you read the scroll labeled UHEDIU NUSK, it crumbles to dust.
The dust glows dull rubric!
It was a scroll of random uselessness.
The orc warrior hits you from afar with a +0 glaive!
You die...

#########
#.......#
#♣).....#
#{).....#
#..o....#
#.......#
#.......#
#.......#
#...(...#####.
#....>........
#.............


You could see an orc warrior.

Vanquished Creatures
  Sigmund (D:2)
  Duvessa (D:5)
  An orc warrior (D:6)
  An ice beast (D:5)
  2 sky beasts
  A phantom (D:5)
  Dowan (D:5)
  A scorpion (D:5)
  3 wights (D:6)
  A howler monkey (D:4)
  A gnoll shaman (D:6)
  An orc priest (D:7)
  4 hounds
  An orc wizard (D:4)
  Ijyb (D:5)
  6 worker ants
  A hound zombie (D:6)
  4 gnolls
  A worker ant zombie (D:6)
  6 adders
  2 white imps (D:6)
  2 ufetubi
  An adder skeleton (D:4)
  A worm (D:3)
  2 dart slugs
  4 leopard geckos
  13 orcs
  2 bats
  5 giant cockroaches
  5 goblins
  6 hobgoblins
  11 jackals
  A quokka (D:4)
  3 frilled lizards
  A jackal skeleton (D:4)
  7 kobolds
  4 rats
109 creatures vanquished.

Notes
Turn   | Place    | Note
-------+----------+-------------------------------------------
     0 | D:1      | mattiecakes the Barachi Fighter began the quest for the
                  | Orb.
     0 | D:1      | Reached XP level 1. HP: 18/18 MP: 1/1
    77 | D:1      | Reached XP level 2. HP: 25/25 MP: 2/2
   713 | D:2      | Reached skill level 1 in Dodging
   760 | D:2      | Reached XP level 3. HP: 28/30 MP: 3/3
   932 | D:2      | Noticed Sigmund
   943 | D:2      | Killed Sigmund
   943 | D:2      | Reached XP level 4. HP: 16/38 MP: 4/4
   943 | D:2      | Reached XP level 5. HP: 19/43 MP: 5/5
  1559 | D:3      | Found a blossoming altar of Fedhas.
  1671 | D:3      | Reached XP level 6. HP: 46/50 MP: 6/6
  2096 | D:4      | You fall into a shaft and drop 2 floors!
  2118 | D:5      | Entered Level 5 of the Dungeon
  2390 | D:4      | Reached skill level 5 in Fighting
  2390 | D:4      | Reached skill level 5 in Armour
  2471 | D:4      | Found a snail-covered altar of Cheibriados.
  2605 | D:4      | You fall into a shaft and drop 2 floors!
  2714 | D:6      | Reached XP level 7. HP: 42/56 MP: 7/7
  3158 | D:6      | Reached skill level 5 in Shields
  3709 | D:5      | Reached skill level 5 in Long Blades
  3862 | D:5      | Reached XP level 8. HP: 59/64 MP: 8/8
  3975 | D:5      | Noticed Duvessa
  3975 | D:5      | Noticed Dowan
  3985 | D:5      | Killed Duvessa
  4001 | D:5      | Killed Dowan
  4094 | D:5      | Noticed Ijyb
  4108 | D:5      | Killed Ijyb
  4126 | D:5      | Found a staircase to the Ecumenical Temple.
  4444 | Temple   | Entered the Ecumenical Temple
  4535 | Temple   | Became a worshipper of Warmaster Okawaru
  5649 | D:7      | Reached skill level 5 in Dodging
  5660 | D:7      | HP: 1/97 [orc warrior/+0 glaive (16)]
  5663 | D:7      | Slain by an orc warrior

Illustrated notes

Levels and vault maps discovered:
D:1:      roderic_crossed_star, layout_loops_ring, minmay_misc_feat_iff,
          due_unseen_surprise
D:2:      layout_loops_ring, uniq_sigmund
D:3:      layout_loops_ring, fedhas_altar_1
D:4:      layout_loops_corners, kennysheep_slug_shrine
D:5:      minmay_thinvault, layout_basic, minmay_temple_entry_steel_oval,
          uniq_duvessa, uniq_ijyb
D:6:      layout_basic, chequers_serial_rivers_small_a
D:7:      layout_rooms, lemuel_crystal_altar, kennysheep_mini,
          gammafunk_temple_overflow_claw, serial_park_tiny_1
Temple:   regret_index_temple_waves

Skill      XL: |  1  2  3  4  5  6  7  8 |
---------------+-------------------------+-----
Dodging        | 1 2 3 4 5 |  5.1
Fighting       | 4 5 6 |  6.8
Armour         | 4 5 6 |  6.8
Long Blades    | 3 4 5 6 |  6.3
Shields        | 4 5 6 |  6.2

Action                   |  1- 3 |  4- 6 |  7- 9 || total
-------------------------+-------+-------+-------++-------
Melee: Long sword        |    70 |   125 |   241 ||   436
 Abil: Hop               |       |       |     2 ||     2
  Use: Potion            |     1 |       |     5 ||     6
       Scroll            |       |     8 |     8 ||    16
Armor: Scale mail        |    15 |       |       ||    15
       Chain mail        |    13 |    47 |       ||    60
       Plate armour      |       |    19 |    99 ||   118
       Skin              |       |       |    17 ||    17
Dodge: Dodged            |    17 |    23 |    32 ||    72
Block: Kite shield       |    31 |    66 |   195 ||   292
       Reflection        |       |       |     2 ||     2
       Rpst.: Long sword |     7 |     5 |    12 ||    24

Table legend: (Time is in decaauts)
 A = Elapsed time spent in this place.
 B = Non-inter-level travel time spent in this place.
 C = Inter-level travel time spent in this place.
 D = Time resting spent in this place.
 E = Time spent auto-exploring this place.
 F = Levels seen in this place.
 G = Mean time per level.
                   A        B        C        D        E       F      G
               +--------+--------+--------+--------+--------+-----+--------+
         Total |   6528 |   6084 |    444 |    746 |   4244 |   8 |  816.0 |
       Dungeon |   6372 |   5974 |    398 |    746 |   4161 |   7 |  910.3 |
        Temple |    155 |    110 |     45 |      0 |     82 |   1 |  155.0 |
               +--------+--------+--------+--------+--------+-----+--------+

Top non-repeatable levels by time:
     D:6: 2020 daAuts
     D:4: 1014 daAuts
     D:5: 945 daAuts
     D:2: 840 daAuts
     D:1: 802 daAuts
     D:3: 710 daAuts
  Temple: 155 daAuts
     D:7: 39 daAuts
